 Dungeon Crawl Stone Soup version 0.29.1-1-gd02db6906a (webtiles) character file.

Game seed: 13826828942655675325

37 Romesagentofchaos the Sneak (level 3, 0/18 HPs)
             Began as a Spriggan Brigand on Oct 22, 2022.
             Slain by a goblin
             ... wielding a +0 club
             ... led by Robin
              (1 damage)
             ... on level 2 of the Dungeon.
             The game lasted 00:04:04 (1425 turns).

Romesagentofchaos the Sneak (Spriggan Brigand)      Turns: 1425, Time: 00:04:04

Health: 0/18       AC:  4    Str:  7    XL:     3   Next: 21%
Magic:  4/4        EV: 16    Int: 12    God:
Gold:   52         SH:  0    Dex: 18    Spells: 2/2 levels left

rFire   . . .      SeeInvis +   a - +2 dagger
rCold   . . .      Faith    .   (no shield)
rNeg    . . .      Spirit   .   b - +0 robe
rPois   .          Reflect  .   (helmet restricted)
rElec   .          Harm     .   c - +1 cloak
rCorr   .          Rampage  .   (gloves unavailable)
Will    .....                   (boots unavailable)
Stlth   ++++......              (no amulet)
HPRegen 0.06/turn               (no ring)
MPRegen 0.09/turn               (no ring)

@: brilliant, flying, very quick
A: very small, no large weapons, unfitting armour, see invisible, speed 3
a: no special abilities


You were on level 2 of the Dungeon.
You visited 1 branch of the dungeon, and saw 2 of its levels.

You collected 52 gold pieces.

Inventory:

Hand Weapons
 a - a +2 dagger (weapon)
Missiles
 d - 11 poisoned darts (quivered)
 e - 3 curare-tipped darts
Armour
 b - a +0 robe (worn)
 c - a +1 cloak (worn)
Potions
 f - a potion of attraction
 h - a potion of flight


   Skills:
 + Level 1.9 Fighting
 + Level 2.6 Short Blades
 + Level 2.0 Throwing
 + Level 1.4 Dodging
 + Level 7.0 Stealth


You had 2 spell levels left.
You didn't know any spells.
Your spell library was empty.

Dungeon Overview and Level Annotations

Branches:
Dungeon (2/15)

Altars:

Annotations:
D:2 Robin


Innate Abilities, Weirdness & Mutations

You are very small and have problems with some larger weapons.
You are too small for most types of armour.
You have supernaturally acute eyesight. (SInv)
You cover ground extremely quickly. (Speed+++)


Message History

It was a potion of brilliance.
You feel clever all of a sudden. The goblin completely misses you.
The goblin barely misses you. The goblin misses you.
The goblin hits you with a +0 club.
The hobgoblin shouts!
You hit the goblin.
You kill the goblin!
The goblin hits you but does no damage. The goblin barely misses you.
The goblin hits you but does no damage.
Things that are here:
a +0 club; a goblin corpse You hit the goblin.
The goblin is severely wounded.
The goblin hits you with a +0 club. The goblin closely misses you.
The goblin hits you with a +0 club.
You hit the goblin.
You kill the goblin!
The goblin closely misses you. The goblin hits you but does no damage.
Robin says, "Duck!"
The goblin closely misses you.
You barely miss the goblin. The goblin closely misses you.
The goblin misses you. Robin throws the goblin at you! The goblin misses you.
You closely miss the goblin. The goblin barely misses you.
The goblin hits you but does no damage. The goblin misses you.
You closely miss Robin. You hit Robin but do no damage.
The goblin hits you but does no damage. The goblin misses you.
The goblin barely misses you.
You hit Robin but do no damage. The goblin hits you but does no damage.
The goblin closely misses you.
Robin roars a battlecry!
The goblins go into a battle-frenzy!
The goblin hits you with a +0 club. The hobgoblin hits you.
* * * LOW HITPOINT WARNING * * *
You feel very buoyant.
You fly up into the air.
The goblin hits you but does no damage. The goblin hits you with a +0 club.
* * * LOW HITPOINT WARNING * * *
The goblin completely misses you. The hobgoblin closely misses you.
You miss the goblin. The goblin hits you with a +0 club.
You die...

#.##.##.# #.# #. #.#
#.# . ..# #.# # ###
#.# #### #.### ...
..# ##.###### #.#
.####.gg#...# #.#
......g@g.#.# #.#
.####.gg#...# #.#
##.###.####.########
#.###.##...........
#........#.########
#............#
#.#####.###......
#.# #.####.# #.# #.#


You could see Robin, 2 hobgoblins and 3 goblins.

Vanquished Creatures
  A dart slug (D:1)
  2 endoplasms
  A giant cockroach (D:1)
  10 goblins
  A hobgoblin (D:1)
  6 jackals (D:1)
  3 bats (D:1)
  2 frilled lizards
  2 kobolds (D:1)
  2 rats
30 creatures vanquished.

Notes
Turn   | Place    | Note
-------+----------+-------------------------------------------
     0 | D:1      | Romesagentofchaos the Spriggan Brigand began the quest for
                  | the Orb.
     0 | D:1      | Reached XP level 1. HP: 10/10 MP: 2/2
    33 | D:1      | Reached skill level 6 in Stealth
    75 | D:1      | Reached XP level 2. HP: 12/15 MP: 3/3
   389 | D:1      | Found a faded altar of an unknown god.
  1178 | D:2      | Reached XP level 3. HP: 18/18 MP: 4/4
  1340 | D:2      | Reached skill level 7 in Stealth
  1410 | D:2      | Identified the +2 helmet "Rius" {Int+2}
  1410 | D:2      | Noticed Robin
  1425 | D:2      | Slain by a goblin

Illustrated notes

Levels and vault maps discovered:
D:1:      psy_arrival_spokes, layout_loops_ring, chequers_ecumenical_altar_lobes
D:2:      layout_loops_ring, basic_altar, uniq_robin, uniq_terence

Skill      XL: |  1  2  3 |
---------------+----------+-----
Stealth        | 6 7 |  7.0
Fighting       | |  1.9
Short Blades   | |  2.6
Throwing       | |  2.0
Dodging        | |  1.4

Action                   || total
-------------------------++-------
Melee: Dagger            ||    81
Throw: Dart              ||     1
  Use: Potion            ||     4
       Scroll            ||     3
 Stab: Sleeping          ||    11
Armor: Robe              ||    15
Dodge: Dodged            ||    59
